 Dungeon Crawl Stone Soup version 0.29-a0-284-gf9362112df (webtiles) character file.

Game seed: 1054208421757241116

3757 Dabor the Protected (level 10, -2/68 HPs)
             Began as a Gargoyle Fighter on Mar 15, 2022.
             Was a Priest of Ashenzari.
             Shot with an arrow by a centaur warrior (12 damage)
             ... on level 8 of the Dungeon.
             The game lasted 00:14:52 (8493 turns).

Dabor the Protected (Gargoyle Fighter)              Turns: 8493, Time: 00:14:53

Health: -2/68      AC: 19    Str: 24    XL:     10   Next: 15%
Magic:  10/10      EV: 11    Int:  9    God:    Ashenzari [***...]
Gold:   287        SH:  5    Dex:  9    Spells: 9/9 levels left

rFire   . . .      SeeInvis +   i - +6 trident of the Eternal God {vorpal, Melee, Evo} (curse)
rCold   . . .      Faith    .   c - +0 buckler "Eternal Dismay" {Evo, Elem} (curse)
rNeg    + . .      Spirit   .   b - +0 scale mail "Fetters of Ashenzari" {Range, Cun} (curse)
rPois   ∞          Reflect  .   (no helmet)
rElec   +          Harm     .   q - +0 cloak "Sun of the Welkin" {Melee, Fort} (curse)
rCorr   .          Rampage  .   (no gloves)
Will    .....      Clarity  +   v - +0 pair of boots
Stlth   ..........              u - amulet "Insecurity of Ashenzari" {Acrobat, Self, Fort} (curse)
HPRegen 0.21/turn               (no ring)
MPRegen 0.12/turn               (no ring)

@: mighty, hasted, very quick
A: sickness immunity, AC +7, negative energy resistance 1, electricity
resistance, torment resistance 1, petrification resistance
a: Renounce Religion, Curse Item, Shatter the Chains


You were on level 8 of the Dungeon.
You worshipped Ashenzari.
Ashenzari was most pleased with you.
You visited 1 branch of the dungeon, and saw 8 of its levels.

You collected 287 gold pieces.

Inventory:

Hand Weapons
 a - a +0 flail
 i - the cursed +6 trident of the Eternal God (weapon) {vorpal, Melee, Evo}
   (You took it off a gnoll sergeant on level 5 of the Dungeon)

   It inflicts extra damage upon your enemies.
   It has a curse which improves the following skills: Melee Combat: Short
   Blades, Long Blades, Axes, Maces & Flails, Polearms, Staves and Unarmed
   Combat.
   Evocations: Evocations.
Armour
 b - the cursed +0 scale mail "Fetters of Ashenzari" (worn) {Range, Cun}

   It has a curse which improves the following skills: Ranged Combat: Slings,
   Bows, Crossbows and Throwing.
   Cunning:   Dodging and Stealth.
 c - the cursed +0 buckler "Eternal Dismay" (worn) {Evo, Elem}

   It has a curse which improves the following skills: Evocations: Evocations.
   Elements:  Fire Magic, Ice Magic, Air Magic and Earth Magic.
 q - the cursed +0 cloak "Sun of the Welkin" (worn) {Melee, Fort}
   (You found it on level 2 of the Dungeon)

   It has a curse which improves the following skills: Melee Combat: Short
   Blades, Long Blades, Axes, Maces & Flails, Polearms, Staves and Unarmed
   Combat.
   Fortitude: Armour and Shields.
 v - a +0 pair of boots (worn)
Jewellery
 l - a ring of fire
 u - the cursed amulet "Insecurity of Ashenzari" (around neck) {Acrobat, Self, Fort}
   (You found it on level 4 of the Dungeon)

   [amulet of the acrobat]

   It increases your evasion while moving and waiting.
   It has a curse which improves the following skills: Introspection: Fighting
   and Spellcasting.
   Fortitude: Armour and Shields.
 y - a +6 ring of intelligence
 B - a ring of wizardry
Wands
 A - a wand of flame (13)
Scrolls
 f - 8 scrolls of identify
 g - 2 scrolls of amnesia
 k - 2 scrolls of fear
 m - a scroll of enchant weapon
 n - a scroll of holy word
 p - 2 scrolls of enchant armour
 r - 3 scrolls of teleportation
 s - 2 scrolls of brand weapon
 x - a scroll of blinking
Potions
 d - a potion of might
 e - 6 potions of curing
 h - a potion of magic
 o - a potion of ambrosia
 t - a potion of mutation
 w - 3 potions of brilliance


   Skills:
 + Level 8.4(10.0) Fighting
 + Level 7.3(9.8) Maces & Flails
 - Level 2.1(4.0) Polearms
 + Level 8.4(10.9) Armour
 + Level 5.3(6.9) Dodging
 - Level 4.2(6.5) Shields


You had 9 spell levels left.
You didn't know any spells.
Your spell library contained the following spells:

 Spells                   Type           Power      Damage    Failure   Level
 Shock                    Conj/Air       0%         1d3       71%         1
 Summon Small Mammal      Summ           0%         N/A       71%         1
 Corpse Rot               Necr/Air       0%         N/A       83%         2
 Swiftness                Air            0%         N/A       96%         3
 Call Canine Familiar     Summ           0%         N/A       97%         3
 Summon Guardian Golem    Hex/Summ       0%         N/A       97%         3
 Airstrike                Air            0%         N/A       100%        4
 Dispel Undead            Necr           0%         3d6       100%        4
 Death Channel            Necr           0%         N/A       100%        6
 Orb of Destruction       Conj           0%         9d5       100%        7
 Spellforged Servitor     Conj/Summ      0%         N/A       100%        7


Dungeon Overview and Level Annotations

Branches:
Dungeon (8/15)             Temple (0/1) D:6
   Lair: D:8-11

Altars:
Ashenzari
Elyvilon
Trog
Vehumet
Xom

Shops:
D:3 *   D:5 =


Innate Abilities, Weirdness & Mutations

You are immune to sickness and miasma.
Your stone body is resilient. (AC +7)
You are immune to poison.
You resist negative energy. (rN+)
You are resistant to electric shocks. (rElec)
You are resistant to unholy torment.
You are immune to petrification.


Message History

The centaur warrior is moderately wounded.
The centaur warrior shoots an arrow.
The arrow closely misses you.
A jumping spider comes into view.
Reach: i) +6 trident of the Eternal God {vorpal, Melee, Evo} (curse)
Press: ? - help, Dir - move target, f/p - centaur warrior
Aim: a centaur warrior, wielding a +0 shortbow (moderately wounded, about 26% to evade the cursed +6 trident of the Eternal God)
You reach to attack!
You closely miss the centaur warrior.
The centaur warrior is moderately wounded.
The centaur warrior shoots an arrow.
The arrow hits you!
Reach: i) +6 trident of the Eternal God {vorpal, Melee, Evo} (curse)
Press: ? - help, Dir - move target, f/p - centaur warrior
Aim: a centaur warrior, wielding a +0 shortbow (moderately wounded, about 26% to evade the cursed +6 trident of the Eternal God)
You reach to attack!
You puncture the centaur warrior!
The centaur warrior is heavily wounded.
The centaur warrior shoots an arrow.
The arrow hits you.
The centaur warrior shoots an arrow.
You block the arrow.
Reach: i) +6 trident of the Eternal God {vorpal, Melee, Evo} (curse)
Press: ? - help, Dir - move target, f/p - centaur warrior
Aim: a centaur warrior, wielding a +0 shortbow (heavily wounded, about 26% to evade the cursed +6 trident of the Eternal God)
You reach to attack!
You closely miss the centaur warrior.
The centaur warrior is heavily wounded.
The jumping spider leaps!
The centaur warrior shoots an arrow.
The arrow misses you.
Reach: i) +6 trident of the Eternal God {vorpal, Melee, Evo} (curse)
Press: ? - help, Dir - move target, f/p - centaur warrior
Aim: a centaur warrior, wielding a +0 shortbow (heavily wounded, about 26% to evade the cursed +6 trident of the Eternal God)
You reach to attack!
You puncture the centaur warrior!
The centaur warrior is severely wounded.
The centaur warrior shoots an arrow.
The arrow hits you.
* * * LOW HITPOINT WARNING * * *
Reach: i) +6 trident of the Eternal God {vorpal, Melee, Evo} (curse)
Press: ? - help, Dir - move target, f/p - centaur warrior
Aim: a centaur warrior, wielding a +0 shortbow (severely wounded, about 26% to evade the cursed +6 trident of the Eternal God)
You reach to attack!
You barely miss the centaur warrior.
The centaur warrior is severely wounded.
The jumping spider pounces on you!
* * * LOW HITPOINT WARNING * * *
You block the jumping spider's attack.
The centaur warrior shoots an arrow.
The arrow hits you!
You die...

* *, * * , * #####∆
* *###...#** ,* *
,*#.##.####* * , *
#.##.##.##.##?# *
*, #..{°......Fh.#
*#.##c##{##u##.# *
*,*####.#### * * *
#@..# ∆ , * * , ..
* ##s## * * ,
....###'######## *
* *
,,,......{.........
,....#<#.#.#..###.
....#.#.#........ ,
*
,...............).
* **
#####.#.#....##. ,
#........## , ,


You could see a centaur warrior and a jumping spider.

Vanquished Creatures
  An ugly thing (D:8)
  An unseen horror (D:8)
  A steam dragon (D:7)
  A water moccasin (D:5)
  5 black bears
  3 ogres
  3 kobold brigands
  3 necrophages
  5 bullfrogs
  3 gnoll sergeants
  2 scorpions
  A wight (D:8)
  5 killer bees (D:7)
  2 howler monkeys (D:7)
  A jelly (D:6)
  A gnoll shaman (D:5)
  2 orc priests
  4 hounds
  2 iguanas (D:6)
  Terence (D:3)
  An orc wizard (D:5)
  A mummy (D:5)
  Robin (D:3)
  9 gnolls
  10 adders
  2 white imps
  3 ufetubi
  2 worms (D:2)
  A dart slug (D:4)
  22 orcs
  4 bats
  3 endoplasms
  A giant cockroach (D:1)
  11 goblins
  10 hobgoblins
  3 jackals (D:1)
  14 kobolds
  4 quokkas
  8 ball pythons
  4 frilled lizards
  2 hobgoblin zombies (D:5)
  A kobold zombie (D:5)
  An orc zombie (D:5)
  4 rats
169 creatures vanquished.

Vanquished Creatures (collateral kills)
  A jelly (D:5)
  An iguana (D:5)
  2 gnolls (D:5)
4 creatures vanquished.

Vanquished Creatures (others)
  2 orcs (D:7)
  3 plants (D:6)
5 creatures vanquished.

Grand Total: 178 creatures vanquished

Notes
Turn   | Place    | Note
-------+----------+-------------------------------------------
     0 | D:1      | Dabor the Gargoyle Fighter began the quest for the Orb.
     0 | D:1      | Reached XP level 1. HP: 14/14 MP: 1/1
   105 | D:1      | Found a faded altar of an unknown god.
   132 | D:1      | Prayed at the altar of an unknown god.
   132 | D:1      | Became a worshipper of Ashenzari the Shackled
   522 | D:1      | Reached XP level 2. HP: 16/19 MP: 2/2
  1214 | D:2      | Reached XP level 3. HP: 23/23 MP: 3/3
  1248 | D:2      | Noticed an ogre
  1262 | D:2      | Killed an ogre
  1263 | D:2      | Reached XP level 4. HP: 23/29 MP: 4/4
  1263 | D:2      | Reached XP level 5. HP: 26/33 MP: 5/5
  1475 | D:2      | Reached * piety under Ashenzari
  1490 | D:2      | Reached ** piety under Ashenzari
  1886 | D:3      | Noticed Robin
  1941 | D:3      | Killed Robin
  2275 | D:3      | Found Vatzoud's General Store.
  2603 | D:3      | Noticed Terence
  2619 | D:3      | Killed Terence
  3226 | D:4      | Reached skill level 1 in Dodging
  3226 | D:4      | Reached XP level 6. HP: 39/39 MP: 6/6
  3440 | D:4      | Reached skill level 5 in Fighting
  3440 | D:4      | Reached skill level 5 in Armour
  3440 | D:4      | Reached XP level 7. HP: 29/46 MP: 7/7
  4214 | D:5      | Entered Level 5 of the Dungeon
  4229 | D:5      | Found a radiant altar of Vehumet.
  4291 | D:5      | Found a bloodstained altar of Trog.
  4307 | D:5      | Reached XP level 8. HP: 13/53 MP: 8/8
  4685 | D:5      | Found Nosov's Jewellery Emporium.
  4708 | D:5      | Reached skill level 5 in Maces & Flails
  5859 | D:6      | Found a white marble altar of Elyvilon.
  6467 | D:5      | Reached XP level 9. HP: 57/59 MP: 9/9
  7141 | D:6      | Found a staircase to the Ecumenical Temple.
  7170 | D:6      | Found a shimmering altar of Xom.
  7170 | D:6      | Found a shimmering altar of Xom.
  7173 | D:6      | Found a shimmering altar of Xom.
  7174 | D:6      | Found a shimmering altar of Xom.
  7174 | D:6      | Found a shimmering altar of Xom.
  7175 | D:6      | Found a shimmering altar of Xom.
  7176 | D:6      | Found a shimmering altar of Xom.
  7342 | D:6      | Reached *** piety under Ashenzari
  7525 | D:7      | Reached skill level 1 in Polearms
  8451 | D:8      | Noticed an unseen horror
  8451 | D:8      | Noticed a red ugly thing
  8466 | D:8      | Killed an unseen horror
  8467 | D:8      | Reached skill level 5 in Dodging
  8467 | D:8      | Reached XP level 10. HP: 59/68 MP: 10/10
  8467 | D:8      | Noticed a centaur warrior
  8482 | D:8      | Killed a red ugly thing
  8493 | D:8      | Shot with an arrow by a centaur warrior

Illustrated notes

Levels and vault maps discovered:
D:1:      minmay_arrival_four_circles, layout_loops_corners,
          chequers_ecumenical_altar_simple_redux, nrook_mini_vaults
D:2:      layout_basic, minmay_misc_feat_five
D:3:      corexii_shack_village, layout_basic, serial_shops, shop, uniq_terence,
          uniq_robin
D:4:      layout_basic
D:5:      layout_cave_pods, vehumet_crystals, trog_ov_bears_minmay,
          serial_shops, nicolae_inconvenience_store, minmay_mini_ossuary
D:6:      layout_cave_pools, elyvilon_altar_5, xom_redecorated,
          minmay_temple_entry_statues_pillars, nrook_loot_triangle,
          minmay_misc_feat_tower, nicolae_grassy_gnolls
D:7:      layout_cave_pools, corexii_leaking_fountain
D:8:      hangedman_cross_veins, layout_basic, nicolae_overflow_crystal_walls,
          minmay_misc_feat_four_crosses, dk_vineyard_3, uniq_maggie

Skill      XL: |  1  2  3  4  5  6  7  8  9 |
---------------+----------------------------+-----
Fighting       | 4 5 6 8 |  8.4
Maces & Flails | 3 4 5 7 |  7.3
Armour         | 4 5 6 8 |  8.4
Shields        | 4 |  4.2
Dodging        | 1 2 3 5 |  5.3
Polearms       | 2 |  2.1

Action                   |  1- 3 |  4- 6 |  7- 9 | 10-12 || total
-------------------------+-------+-------+-------+-------++-------
Melee: Flail             |    79 |   231 |   218 |       ||   528
       Trident           |       |       |   136 |    20 ||   156
Invok: Curse Item        |     1 |     3 |     1 |       ||     5
  Use: Scroll            |     3 |       |     2 |       ||     5
       Potion            |       |       |       |     6 ||     6
Armor: Scale mail        |    70 |   142 |   234 |     7 ||   453
Dodge: Dodged            |    60 |   109 |   308 |     6 ||   483
Block: Buckler           |    21 |    45 |   130 |     5 ||   201

Table legend: (Time is in decaauts)
 A = Elapsed time spent in this place.
 B = Non-inter-level travel time spent in this place.
 C = Inter-level travel time spent in this place.
 D = Time resting spent in this place.
 E = Time spent auto-exploring this place.
 F = Levels seen in this place.
 G = Mean time per level.
                   A        B        C        D        E       F      G
               +--------+--------+--------+--------+--------+-----+--------+
         Total |   8628 |   8429 |    199 |   1758 |   4946 |   8 | 1078.5 |
       Dungeon |   8628 |   8429 |    199 |   1758 |   4946 |   8 | 1078.5 |
               +--------+--------+--------+--------+--------+-----+--------+

Top non-repeatable levels by time:
     D:5: 2727 daAuts
     D:3: 1357 daAuts
     D:1: 1155 daAuts
     D:4: 1031 daAuts
     D:7: 881 daAuts
     D:2: 751 daAuts
     D:6: 608 daAuts
     D:8: 115 daAuts
